 Dungeon Crawl Stone Soup version 0.28.0-53-g5a82cb258f (webtiles) character file.

Game seed: 1534918370517382949

4532 Nyth the Spear-Bearer (level 10, -6/135 HPs)
             Began as a Minotaur Berserker on Aug 8, 2022.
             Was a Believer of Trog.
             Mangled by a yak (10 damage)
             ... on level 8 of the Dungeon on Aug 9, 2022.
             The game lasted 00:37:59 (9042 turns).

Nyth the Spear-Bearer (Minotaur Berserker)          Turns: 9042, Time: 00:38:01

Health: -6/135     AC: 17    Str: 21    XL:     10   Next: 17%
Magic:  9/9        EV:  9    Int:  4    God:    Trog [**....]
Gold:   334        SH:  0    Dex: 15    Spells: 9/9 levels left

rFire   . . .      SeeInvis +   A - +7 glaive of the Priest {elec, rPois rC- rN+ SInv}
rCold   x . .      Faith    .   (shield currently unavailable)
rNeg    + . .      Spirit   .   o - +0 plate armour
rPois   +          Reflect  .   (helmet restricted)
rElec   .          Harm     .   C - +1 cloak
rCorr   +          Rampage  .   (no gloves)
Will    ++...                   d - +0 pair of boots
Stlth   ..........              (no amulet)
HPRegen 1.32/turn               b - ring of flight
MPRegen 0.11/turn               p - ring of resist corrosion

@: berserking, marked, strong-willed (expiring), flying, regenerating
(expiring), very quick
A: horns 2, retaliatory headbutt
a: Renounce Religion, Berserk, Trog's Hand


You were on level 8 of the Dungeon.
You worshipped Trog.
Trog was pleased with you.
You visited 1 branch of the dungeon, and saw 9 of its levels.

You collected 334 gold pieces.

Inventory:

Hand Weapons
 l - the +5 spear of Ganuc {venom, rElec}
   (You found it on level 2 of the Dungeon)

   It poisons the flesh of those it strikes.
   rElec:     It insulates you from electricity.
 u - a +2 short sword of holy wrath
 y - a +0 shortbow
 A - the +7 glaive of the Priest (weapon) {elec, rPois rC- rN+ SInv}
   (You took it off an orc on level 6 of the Dungeon)

   It occasionally discharges a powerful burst of electricity upon striking a
   foe.
   rC:        It makes you vulnerable to cold.
   rPois:     It protects you from poison.
   rN:        It protects you from negative energy.
   SInv:      It lets you see invisible.
 B - a +4 quarterstaff of chaos
Missiles
 E - 16 arrows
Armour
 c - a +1 cloak
 d - a +0 pair of boots (worn)
 m - a +0 leather armour of willpower
 o - a +0 plate armour (worn)
 C - a +1 cloak (worn)
 H - a +0 tower shield
Jewellery
 b - a ring of flight (left hand)
 p - a ring of resist corrosion (right hand)
Wands
 a - a wand of mindburst (5)
 f - a wand of digging (1)
 j - a wand of iceblast (6)
 F - a wand of flame (12)
Scrolls
 n - a scroll of immolation
 r - 2 scrolls of amnesia
 s - a scroll of enchant armour
 t - a scroll of vulnerability
 v - 3 scrolls of identify
 w - a scroll of enchant weapon
Potions
 e - 2 potions of lignification {unknown}
 h - 6 potions of curing {unknown}
 i - a potion of mutation {unknown}
 k - a potion of haste {unknown}
 q - 2 potions of heal wounds {unknown}
 x - 2 potions of flight {unknown}
 z - a potion of berserk rage {unknown}
 D - a potion of attraction {unknown}
 G - a potion of invisibility {unknown}


   Skills:
 * Level 8.6 Fighting
 + Level 4.8 Maces & Flails
 - Level 12.0 Polearms
 * Level 7.4 Armour
 * Level 5.9 Dodging
 + Level 2.4 Stealth


You had 9 spell levels left.
You didn't know any spells.
Your spell library contained the following spells:

 Spells                   Type           Power      Damage    Failure   Level
 Animate Skeleton         Necr           0%         N/A       100%        1
 Pain                     Necr           0%         1d4       100%        1
 Shock                    Conj/Air       0%         1d3       100%        1
 Swiftness                Air            0%         N/A       100%        3
 Vampiric Draining        Necr           0%         2d6       100%        3
 Airstrike                Air            0%         N/A       100%        4
 Chain Lightning          Conj/Air       0%         N/A       100%        9
 Fire Storm               Conj/Fire      0%         5d1       100%        9
 Shatter                  Erth           0%         3d5*      100%        9


Dungeon Overview and Level Annotations

Branches:
Dungeon (9/15)             Temple (0/1) D:4
   Lair: D:8-11         Orc: D:9-12

Altars:
Dithmenos
Gozag
Makhleb
Ru
Sif Muna
Zin

Shops:
D:6 *

Annotations:
D:8 Harold


Innate Abilities, Weirdness & Mutations

You have a pair of horns on your head.
You reflexively headbutt those who attack you in melee.


Message History

A red film seems to cover your vision as you go berserk!
You feel yourself moving faster!
You feel mighty! The yak gores you.
* * * LOW HITPOINT WARNING * * *
The yak gores you but does no damage.
You cut the yak into ribbons!!!
You kill the yak!
Trog accepts your kill. The yak gores you!
* * * LOW HITPOINT WARNING * * *
A howler monkey zombie comes into view.
The yak gores you but does no damage. The yak gores you!
* * * LOW HITPOINT WARNING * * *
You slice the yak!! You headbutt the yak!!
You kill the yak!
Trog accepts your kill. The yak gores you!
* * * LOW HITPOINT WARNING * * *
The yak gores you.
* * * LOW HITPOINT WARNING * * *
You see here a +0 falchion.
You slash the yak! You headbutt the yak!
The yak is moderately wounded.
You slash the yak!
The yak is severely wounded.
The yak gores you but does no damage.
You slash the yak! You headbutt the yak.
You feel the power of Trog in you as your rage grows.
You kill the yak!
Trog accepts your kill.
You feel the effects of Trog's Hand fading.
The yak gores you but does no damage. x2
Training target 12.0 for Polearms reached!
Your Polearms skill increases to level 12!
You slash the yak! You headbutt the yak!
The yak is severely wounded.
The yak gores you.
* * * LOW HITPOINT WARNING * * *
The yak gores you but does no damage. The yak misses you.
You furiously retaliate!
You headbutt the yak! The yak gores you!
You die...

#......# #...##.# ###
#...##.# ## ..##
##..##.###...# ...###
##...........
.....#####.#..#######
###YYY....@........#
##Y####.....>YY..#
#.# #...Z.YY@..# #..
#.....oYY..# ###.
#..........#
#.####.###..... .#
#.# #.##### #.# ..#
.. .## . #######
#.....#


You could see Harold, 6 yaks, an orc and a howler monkey zombie.

Vanquished Creatures
  The ghost of SanguineChosen the Chopper, an amateur MiBe of Trog (D:5)
  Grinder (D:6)
  Prince Ribbit (D:5)
  4 yaks (D:8)
  Eustachio (D:5)
  A wyvern (D:8)
  2 water moccasins
  2 black bears
  2 sky beasts
  2 orc warriors
  The ghost of COBRA the Skirmisher, an amateur HOFi (D:4)
  3 necrophages
  An ogre (D:7)
  3 centaurs
  A phantom (D:5)
  A kobold brigand (D:7)
  5 scorpions
  3 water moccasin skeletons
  4 wights (D:6)
  A howler monkey (D:7)
  A centaur zombie (D:6)
  A jelly (D:5)
  3 hounds
  3 orc priests
  A bullfrog skeleton (D:5)
  Crazy Yiuf (D:6)
  Terence (D:2)
  3 iguanas
  5 orc wizards
  A killer bee zombie (D:8)
  A hound skeleton (D:4)
  3 hound zombies
  Robin (D:3)
  5 adders
  3 gnolls (D:5)
  4 white imps
  An ufetubus (D:5)
  2 worms
  4 dart slugs
  17 orcs
  7 bats
  8 endoplasms
  4 giant cockroaches
  10 goblins
  12 hobgoblins
  4 jackals (D:5)
  3 quokkas
  7 ball pythons
  2 frilled lizards
  12 kobolds
  9 rats
179 creatures vanquished.

Notes
Turn   | Place    | Note
-------+----------+-------------------------------------------
     0 | D:1      | Nyth the Minotaur Berserker began the quest for the Orb.
     0 | D:1      | Reached XP level 1. HP: 19/19 MP: 0/0
   518 | D:1      | Reached XP level 2. HP: 26/27 MP: 1/1
   713 | D:1      | Found a faded altar of an unknown god.
  1160 | D:2      | Noticed Terence
  1164 | D:2      | Reached XP level 3. HP: 30/33 MP: 2/2
  1167 | D:2      | Killed Terence
  1247 | D:2      | Reached XP level 4. HP: 41/41 MP: 3/3
  1300 | D:2      | Identified the +5 spear of Ganuc {venom, rElec}
  1371 | D:2      | Found a burning altar of Makhleb.
  1437 | D:2      | Reached ** piety under Trog
  2448 | D:3      | Noticed Robin
  2469 | D:3      | Killed Robin
  2470 | D:3      | Reached skill level 5 in Fighting
  2478 | D:3      | Reached skill level 1 in Polearms
  2513 | D:3      | Reached XP level 5. HP: 43/48 MP: 4/4
  2648 | D:3      | Found a shadowy altar of Dithmenos.
  2673 | D:3      | Found a glowing silver altar of Zin.
  3006 | D:3      | Reached skill level 2 in Polearms
  3076 | D:3      | Found an opulent altar of Gozag.
  3820 | D:4      | Noticed a centaur
  3830 | D:4      | Killed a centaur
  3831 | D:4      | Reached skill level 3 in Polearms
  3831 | D:4      | Reached XP level 6. HP: 56/56 MP: 5/5
  3925 | D:4      | Found a staircase to the Ecumenical Temple.
  4482 | D:4      | Reached skill level 4 in Polearms
  4590 | D:4      | Found a runed translucent gate.
  4590 | D:4      | Found a runed translucent gate.
  4590 | D:4      | Found a runed translucent gate.
  4591 | D:4      | Found an opulent altar of Gozag.
  4592 | D:4      | Noticed COBRA's ghost (amateur HOFi)
  4806 | D:4      | Killed COBRA's ghost
  4807 | D:4      | Reached XP level 7. HP: 8/62 MP: 6/6
  5244 | D:5      | Entered Level 5 of the Dungeon
  5252 | D:5      | Reached skill level 5 in Polearms
  5252 | D:5      | Reached skill level 1 in Stealth
  5296 | D:5      | Noticed Eustachio
  5315 | D:5      | Killed Eustachio
  5553 | D:5      | Reached skill level 6 in Polearms
  5553 | D:5      | Reached skill level 5 in Armour
  5612 | D:5      | Reached XP level 8. HP: 71/71 MP: 7/7
  5798 | D:5      | Found a runed translucent gate.
  5799 | D:5      | Found a runed translucent gate.
  5799 | D:5      | Found a runed translucent gate.
  5799 | D:5      | Noticed SanguineChosen's ghost (amateur MiBe)
  6128 | D:5      | Killed SanguineChosen's ghost
  6129 | D:5      | Reached skill level 7 in Polearms
  6449 | D:5      | Noticed Prince Ribbit
  6470 | D:5      | Killed Prince Ribbit
  6541 | D:5      | Reached skill level 8 in Polearms
  6720 | D:6      | Noticed Grinder
  6733 | D:6      | Killed Grinder
  6734 | D:6      | Reached skill level 5 in Dodging
  6734 | D:6      | Reached XP level 9. HP: 80/80 MP: 8/8
  6771 | D:6      | Reached skill level 9 in Polearms
  7378 | D:6      | Found a sacrificial altar of Ru.
  7449 | D:6      | Found Cityagor's General Store.
  7477 | D:6      | Identified the +7 glaive of the Priest {elec, rPois rC- rN+
                  | SInv}
  7614 | D:6      | Found a runed translucent door.
  7615 | D:6      | Noticed Crazy Yiuf
  7808 | D:6      | Killed Crazy Yiuf
  7900 | D:7      | Reached skill level 10 in Polearms
  8373 | D:7      | Found a shimmering blue altar of Sif Muna.
  8560 | D:7      | Reached skill level 11 in Polearms
  8899 | D:8      | Noticed Harold
  8985 | D:8      | Reached XP level 10. HP: 8/90 MP: 9/9
  9038 | D:8      | HP: 6/135 [yak (7)]
  9038 | D:8      | HP: 2/135 [yak (4)]
  9042 | D:8      | Reached skill level 12 in Polearms
  9042 | D:8      | Mangled by a yak

Illustrated notes

Levels and vault maps discovered:
D:1:      dpeg_arrival_rooms_b, layout_loops_cross,
          shapermc_ecumenical_altar_starsandcircs
D:2:      layout_loops_corners, basic_altar, minmay_fractal_squares_gapless_5,
          uniq_terence
D:3:      mumra_celtic_spiral_tile, layout_loops_ring,
          pdpol_temple_overflow_zin_treasury_gozag_greed,
          nicolae_dithmenos_through_a_glass_darkly, hangedman_decor_points,
          uniq_robin
D:4:      layout_basic, minmay_temple_entry_statues_pillars, ebering_ghost_gozag
D:5:      layout_loops_ring, gammafunk_ghost_split, kennysheep_generic_room_6,
          uniq_eustachio, uniq_prince_ribbit1
D:6:      layout_rooms, marbit_many_paths, serial_shops, nicolae_shop_crystal,
          uniq_grinder, uniq_crazy_yiuf_cottage
D:7:      layout_loops_ring, mainiacjoe_overflow_alcove_1
D:8:      layout_rooms, old_standard_altar, uniq_harold
D:9:      layout_roguey, enter_bailey_3

Skill      XL: |  1  2  3  4  5  6  7  8  9 10 |
---------------+-------------------------------+-----
Fighting       | 4 5 6 7 8 |  8.6
Maces & Flails | 4 |  4.8
Armour         | 3 4 5 6 7 |  7.4
Dodging        | 3 4 5 |  5.9
Polearms       | 1 3 4 6 8 11 12 | 12.0
Stealth        | 1 2 |  2.4

Action                   |  1- 3 |  4- 6 |  7- 9 | 10-12 || total
-------------------------+-------+-------+-------+-------++-------
Melee: Mace              |    44 |     2 |       |       ||    46
       Headbutt          |     7 |    15 |    34 |     6 ||    62
       Punch             |     1 |     1 |     7 |       ||     9
       Spear             |       |   149 |   151 |       ||   300
       Glaive            |       |       |    85 |    12 ||    97
Invok: Berserk           |     3 |     7 |    16 |     1 ||    27
       Trog's Hand       |       |       |     6 |     1 ||     7
  Use: Scroll            |       |     5 |    10 |     1 ||    16
       Potion            |       |       |     1 |       ||     1
 Stab: Sleeping          |       |     1 |     2 |       ||     3
       Distracted        |       |       |     1 |       ||     1
Armor: Animal skin       |     4 |       |       |       ||     4
       Ring mail         |     8 |    10 |       |       ||    18
       Leather armour    |       |    24 |    26 |       ||    50
       Plate armour      |       |       |    51 |    13 ||    64
Dodge: Dodged            |    37 |    60 |    99 |     6 ||   202
